Map: Cerulean Fall LE

Players

Reynor - Winner!

  • Race: Zerg Zerg
  • League: Master
  • Spawn Location: 1:00

lIIllllIIlll (INnoVation)

  • Race: Terran Terran
  • League: Master
  • Spawn Location: 7:00

Event: HomeStory Cup XVIII

VOD

Have the link to the VOD?

Description

Time

  • Played on: Nov. 22, 2018, 3:24 p.m.
  • Length: 14:10

All games in this series

Show
View Real Time Build Order
Export as new Build Order

Reynor Zerg - Winner!

Build Orders: Hatch First, Muta Ling Bane 

Get SALT Encoding   

  12  0:00  Drone  
  13  0:12  Overlord  
  13  0:17  Drone  
  14  0:31  Drone x2  
  16  0:48  Hatchery  
  15  0:52  Drone  
  15  0:55  Drone  
  17  1:00  Drone  
  18  1:10  Extractor  
  17  1:15  Spawning Pool  
  16  1:19  Drone  
  16  1:21  Drone  
  18  1:29  Drone  
  19  1:38  Drone  
  20  1:58  Hatchery  
  19  2:01  Queen  
  19  2:02  Zergling x2  
  19  2:06  Zergling x2  
  23  2:08  Drone  
  24  2:17  Queen  
  26  2:23  Overlord  
  26  2:26  Drone  
  26  2:29  Drone  
  28  2:43  Drone x3  
  31  2:44  Queen  
  31  2:49  Overlord  
  33  2:53  Drone  
  33  2:55  Drone  
  33  2:58  Drone  
  36  3:01  Metabolic Boost  
  36  3:09  Zergling x4  
  36  3:12  Queen  
  40  3:15  Drone  
  40  3:17  Zergling x2  
  42  3:22  Queen  
  42  3:26  Overlord  
  44  3:28  Drone  
  44  3:29  Drone  
  44  3:32  Drone  
  45  3:36  Drone x2  
  45  3:40  Drone x2  
  49  3:42  Zergling x2  
  49  3:45  Overlord  
  49  3:48  Zergling x4  
  52  3:56  Drone x3  
  52  4:01  Overlord  
  52  4:02  Drone  
  56  4:04  Drone x3  
  59  4:12  Overlord  
  59  4:16  Overlord  
  59  4:20  Drone x7  
  66  4:29  Overlord  
  66  4:33  Zergling x10  
  66  4:34  Queen  
  73  4:39  Zergling x6  
  73  4:43  Queen  
  77  4:48  Zergling x8  
  77  4:51  Evolution Chamber  
  77  4:53  Queen  
  77  4:54  Zergling x4  
  80  5:01  Zergling x4  
  82  5:08  Zergling x8  
  82  5:10  Queen  
  82  5:11  Zergling x2  
  82  5:13  Zergling x4  
  77  5:19  Queen  
  74  5:22  Zergling x2  
  74  5:25  Zergling x4  
  72  5:28  Queen  
  72  5:30  Zerg Ground Armor Level 1  
  72  5:32  Evolution Chamber  
  72  5:34  Drone  
  72  5:35  Drone x2  
  73  5:41  Extractor  
  73  5:42  Drone  
  73  5:44  Drone  
  73  5:45  Baneling Nest  
  75  5:50  Drone  
  75  5:54  Drone, Lair  
  75  5:56  Drone x2  
  77  5:59  Extractor  
  76  6:04  Drone x2  
  76  6:05  Drone x5, Spore Crawler  
  76  6:06  Hatchery  
  76  6:07  Spore Crawler  
  76  6:08  Drone x2  
  82  6:14  Drone  
  81  6:21  Zergling x4  
  83  6:26  Zergling x2  
  83  6:28  Extractor  
  83  6:31  Zergling x8  
  83  6:32  Zergling x2  
  85  6:34  Overlord  
  85  6:37  Zergling x4  
  86  6:42  Drone x3  
  86  6:43  Drone  
  86  6:44  Drone  
  86  6:46  Drone  
  87  6:51  Zergling x2  
  85  6:55  Zerg Melee Weapons Level 1  
  85  6:56  Drone  
  85  6:58  Drone  
  87  7:02  Extractor, Drone  
  87  7:04  Queen  
  87  7:06  Overlord  
  90  7:08  Drone  
  90  7:12  Drone  
  88  7:16  Drone  
  88  7:19  Hatchery  
  88  7:21  Zergling x2  
  89  7:24  Extractor  
  89  7:25  Zergling x4  
  89  7:26  Zergling x4  
  89  7:29  Zergling x4  
  94  7:31  Spire  
  94  7:32  Zergling x2  
  94  7:33  Baneling x2  
  94  7:35  Baneling x5  
  94  7:36  Zergling x4  
  94  7:37  Queen, Baneling x2  
  97  7:40  Zergling x2, Baneling x2  
  97  7:41  Zergling x4  
  96  7:52  Zergling x6  
  96  7:53  Zergling x6  
  96  7:54  Zergling x4  
  96  7:55  Spire  
  96  7:57  Drone  
  97  8:00  Drone  
  97  8:02  Drone  
  97  8:03  Drone x2  
  97  8:04  Drone  
  97  8:05  Drone x3  
  103  8:06  Centrifical Hooks  
  103  8:09  Zergling x2  
  103  8:11  Zergling x2  
  105  8:18  Zergling x4  
  107  8:20  Queen  
  107  8:22  Zerg Ground Armor Level 2  
  107  8:24  Drone x3  
  107  8:26  Overlord  
  110  8:37  Zergling x18  
  110  8:40  Overlord  
  117  8:43  Zergling x2  
  117  8:44  Zergling x2  
  117  8:51  Drone x4  
  117  8:54  Drone  
  117  8:55  Zergling x6  
  125  8:56  Overlord  
  125  9:00  Hatchery  
  125  9:02  Zerg Melee Weapons Level 2  
  124  9:06  Zergling x2  
  124  9:07  Zergling x16  
  124  9:09  Zerg Flyer Weapons Level 1  
  133  9:11  Overlord  
  131  9:20  Baneling x6  
  131  9:25  Mutalisk x5  
  131  9:28  Overlord  
  134  9:40  Drone x3  
  137  9:52  Mutalisk x3  
  134  9:53  Mutalisk x2  
  134  9:58  Zergling x22  
  157  10:00  Extractor, Drone x2  
  157  10:01  Overlord  
  157  10:04  Overlord  
  157  10:07  Spine Crawler  
  155  10:14  Mutalisk x2  
  155  10:15  Mutalisk  
  155  10:17  Zergling x4  
  155  10:19  Overlord  
  155  10:20  Zergling x8  
  155  10:21  Infestation Pit, Zergling x8  
  171  10:25  Drone  
  171  10:27  Drone  
  171  10:28  Zergling x10  
  177  10:30  Mutalisk  
  177  10:32  Overlord  
  179  10:35  Overlord  
  179  10:39  Pneumatized Carapace  
  179  10:43  Drone  
  179  10:44  Drone x5  
  179  10:48  Zergling x2  
  179  10:49  Zergling x6  
  170  10:57  Zergling x2  
  170  10:58  Zergling x30  
  170  10:59  Overseer x3  
  170  11:01  Zergling x4  
  188  11:07  Drone x5  
  193  11:17  Zergling x4  
  193  11:18  Zergling x6  
  198  11:22  Baneling x25  
  198  11:23  Baneling x3  
  192  11:41  Hive  
  192  11:42  Zergling x14  
  192  11:43  Overlord  
  192  11:47  Baneling x13  
  197  12:05  Baneling x9  
  197  12:06  Baneling x4  
  197  12:10  Extractor  
  197  12:11  Zergling x2  
  197  12:12  Zergling x4  
  197  12:19  Zergling x10  
  189  12:32  Queen  
  189  12:35  Zergling x34  
  199  12:57  Baneling x11  
  199  12:58  Baneling x16  
  199  13:11  Overseer x5  
  196  13:14  Zergling x2  
  196  13:15  Zergling x20  
  196  13:18  Zergling x24  
  196  13:19  Zergling x38  
  182  13:20  Zergling x2  
  182  13:24  Ultralisk Cavern  
  182  13:25  Zergling x2  
  174  13:27  Zergling x4  
  174  13:30  Zergling x4  
  174  13:33  Zergling x2  
  179  13:36  Zergling x2  
  179  13:37  Zergling x2  
  179  13:40  Zergling x4  
  179  13:41  Zergling x2  
  184  13:48  Baneling x12  
  184  13:49  Zergling x20  
  184  13:50  Baneling x6  
  184  13:51  Baneling x4  
  184  13:55  Hatchery  
  178  14:04  Hatchery  
Show
View Real Time Build Order
Export as new Build Order

lIIllllIIlll Terran 

Build Orders: Gas First Reaper Expand, Hellion Opening, Reaper Expand 

Get SALT Encoding   

  12  0:00  SCV  
  13  0:12  SCV  
  14  0:17  Supply Depot  
  14  0:24  SCV  
  15  0:28  Refinery  
  15  0:38  SCV  
  16  0:44  Barracks  
  16  0:50  SCV  
  17  1:03  SCV  
  18  1:15  SCV  
  19  1:31  Reaper, Orbital Command  
  20  1:42  Command Center  
  20  1:52  Factory  
  20  1:57  SCV  
  21  2:06  Barracks Reactor  
  21  2:09  SCV  
  21  2:13  Supply Depot  
  22  2:15  Refinery  
  22  2:21  SCV  
  23  2:34  SCV  
  24  2:44  Starport  
  24  2:45  Hellion x2  
  24  2:47  SCV  
  29  2:53  Orbital Command  
  29  2:54  Barracks Tech Lab  
  29  3:06  Hellion x2  
  33  3:15  Marauder  
  35  3:21  Viking  
  35  3:26  SCV  
  38  3:27  Supply Depot  
  38  3:33  Hellion  
  38  3:34  Hellion  
  42  3:38  Marauder  
  44  3:45  Armory  
  44  3:51  Medivac  
  46  3:57  Hellion x2  
  46  3:59  Concussive Shells  
  50  4:05  Supply Depot  
  50  4:09  Marauder  
  52  4:18  Hellion  
  54  4:25  Liberator  
  54  4:26  Hellion  
  54  4:28  Supply Depot  
  54  4:34  Marauder  
  56  4:40  Hellion  
  59  4:48  Hellion  
  59  4:49  SCV  
  59  4:50  SCV  
  63  5:02  Hellion  
  63  5:05  SCV x2  
  67  5:09  Hellion  
  62  5:15  Liberator  
  62  5:16  Marauder  
  62  5:17  SCV x2  
  58  5:23  Hellion  
  54  5:29  SCV x2  
  54  5:31  Hellion  
  53  5:41  SCV x2  
  51  5:44  Hellion  
  51  5:49  Stimpack, Marauder  
  53  5:52  Hellion  
  53  5:53  SCV x2  
  57  5:58  Supply Depot  
  57  6:05  SCV x2  
  57  6:11  Marauder, Hellion  
  63  6:13  Hellion  
  63  6:17  SCV  
  63  6:18  Medivac, SCV  
  69  6:26  Command Center  
  69  6:31  Supply Depot  
  69  6:34  Hellion  
  69  6:35  Hellion  
  69  6:36  SCV x2  
  69  6:38  Marine  
  69  6:51  SCV  
  69  6:52  SCV  
  67  6:56  Marine, Hellion x2  
  67  6:58  Engineering Bay  
  67  7:00  Engineering Bay  
  70  7:03  Starport Reactor  
  70  7:04  SCV x2  
  72  7:12  Barracks x2  
  72  7:15  Marine  
  72  7:20  SCV x2  
  76  7:25  Terran Infantry Weapons Level 1  
  76  7:26  Terran Infantry Armor Level 1  
  76  7:28  Widow Mine x2, Refinery  
  76  7:29  Refinery  
  76  7:35  SCV x2  
  78  7:38  Marine, Barracks  
  78  7:40  Barracks  
  78  7:41  Orbital Command  
  73  7:53  SCV  
  73  7:54  SCV  
  73  7:57  Orbital Command  
  68  8:01  Barracks Reactor  
  68  8:02  Factory, Barracks Reactor  
  68  8:03  Widow Mine  
  68  8:04  Widow Mine  
  72  8:06  Marine, Medivac x2  
  72  8:09  SCV x2  
  79  8:19  Combat Shield  
  79  8:21  SCV x2  
  79  8:22  Refinery  
  79  8:23  SCV  
  79  8:24  Marine  
  79  8:25  Barracks Reactor  
  79  8:26  Barracks Reactor  
  83  8:28  Supply Depot  
  83  8:31  Widow Mine x2  
  83  8:33  SCV x2  
  89  8:37  SCV  
  90  8:42  Marine  
  90  8:43  Marine x2  
  90  8:44  Marine x2  
  90  8:45  Factory Tech Lab, SCV x2  
  95  8:49  SCV  
  95  8:52  Supply Depot  
  96  8:57  SCV x2  
  96  9:00  Marine  
  96  9:01  Marine x3, SCV  
  96  9:02  Marine  
  104  9:03  Widow Mine x2, Drilling Claws  
  104  9:09  SCV  
  109  9:13  SCV  
  109  9:14  Widow Mine, Medivac x2  
  109  9:16  Supply Depot  
  114  9:21  Supply Depot, Terran Infantry Weapons Level 2  
  114  9:26  Barracks  
  114  9:27  Barracks  
  114  9:28  Terran Infantry Armor Level 2  
  114  9:29  Barracks  
  114  9:30  Widow Mine  
  120  9:38  Widow Mine x2  
  111  9:49  Marauder  
  104  9:54  Marine x3  
  104  9:55  Marine x5  
  104  9:56  SCV x3  
  113  10:00  Medivac x2  
  113  10:02  Widow Mine  
  113  10:04  Widow Mine  
  121  10:08  Widow Mine  
  121  10:13  Barracks Tech Lab  
  123  10:14  Barracks Tech Lab  
  123  10:15  Barracks Tech Lab  
  123  10:16  Supply Depot x2  
  123  10:17  Marine x2  
  123  10:18  Marine  
  126  10:24  Widow Mine  
  126  10:26  Widow Mine  
  130  10:29  Missile Turret  
  130  10:33  Medivac  
  131  10:37  Thor  
  131  10:41  Missile Turret  
  135  10:43  Medivac  
  135  10:44  Marauder x2, Marine  
  135  10:45  Marine x4  
  146  10:55  Widow Mine  
  148  11:02  Refinery  
  148  11:03  Supply Depot  
  148  11:04  Supply Depot x2  
  148  11:05  Widow Mine  
  148  11:07  Marine  
  149  11:11  Marauder  
  149  11:13  Marine x2  
  149  11:14  Marine x2  
  149  11:21  Supply Depot  
  149  11:23  Supply Depot  
  149  11:25  Widow Mine, Marauder x2, Medivac x2  
  159  11:32  Marauder  
  161  11:33  Marauder  
  161  11:35  Thor  
  165  11:40  Marine x4  
  165  11:47  Marauder  
  173  11:49  Widow Mine x2  
  173  11:50  Barracks Tech Lab  
  175  11:55  Unknown  
  175  11:56  Medivac x2  
  175  11:59  Marauder x2, Marine  
  182  12:02  Marine  
  182  12:03  Marine x2  
  182  12:08  Marauder  
  187  12:10  Orbital Command  
  175  12:32  Medivac x2  
  175  12:33  Marauder x3  
  175  12:34  Widow Mine  
  181  12:49  Supply Depot  
  181  12:52  Widow Mine, Marine x2, Marauder  
  181  12:55  Marine  
  181  12:56  Thor  
  182  13:05  Medivac  
  172  13:13  Orbital Command  
  112  13:20  Marine x2, Marauder x2  
  112  13:26  Widow Mine  
  100  13:36  Marauder  
  102  13:42  Widow Mine x2  
  112  14:00  Unknown x4  
  112  14:01  Unknown x7  
Tags
 
Add a new tag
Caveats
  • Supply blocks, unpowered buildings, or Contaminate may cause inaccurate times.
  • Supply counts are checked every 10 seconds.